 Dungeon Crawl Stone Soup version 0.16-a0-3939-g9a3e665 (webtiles) character file.

604 abixa the Basher (level 7, -3/70 HPs)
             Began as an Ogre Berserker on Feb 6, 2015.
             Was a Priest of Trog.
             Slain by a gnoll
             ... wielding a +2 flail of protection
              (6 damage)
             ... on level 3 of the Dungeon.
             The game lasted 00:09:38 (3339 turns).

abixa the Basher (Ogre Berserker)                   Turns: 3339, Time: 00:09:38

Health: -3/70      AC:  5    Str: 23    XL:     7   Next: 42%
Magic:  7/7        EV: 10    Int:  6    God:    Trog [***...]
Gold:   244        SH:  0    Dex: 11    Spells: 0 memorised, 6 levels left

rFire  . . .     SeeInvis .     a - +0 mace
rCold  . . .     Clarity  .     w - +2 robe {MR+}
rNeg   . . .     SustAb   .     (shield restricted)
rPois  .         Gourm    .     (helmet restricted)
rElec  .         Spirit   .     (no cloak)
rCorr  .         Warding  .     (gloves unavailable)
rMut   .         Stasis   .     (boots unavailable)
MR     +++..                    (no amulet)
Stlth  +.........               (no ring)
                                (no ring)

@: lethally poisoned (-3 -> -3), exhausted, regenerating, slowed, very slow,
extremely resistant to hostile enchantments, very unstealthy
A: unfitting armour, tough skin 1
a: Burn Spellbooks, Berserk, Trog's Hand, Renounce Religion


You were on level 3 of the Dungeon.
You worshipped Trog.
Trog was most pleased with you.
You were very hungry.

You visited 1 branch of the dungeon, and saw 3 of its levels.

You collected 244 gold pieces.

Inventory:

Hand weapons
 a - a +0 mace (weapon)
 A - a +0 blowgun
Missiles
 n - 47 stones
 t - 21 sling bullets
 z - 5 poisoned needles
 B - 6 tomahawks of returning (quivered)
Armour
 b - a +0 animal skin
 w - a +2 robe of magic resistance (worn)
Scrolls
 e - 3 scrolls of remove curse {unknown}
 h - 3 scrolls of random uselessness {unknown}
 l - 3 scrolls of recharging {unknown}
 q - a scroll of teleportation {unknown}
 r - a scroll of enchant armour {unknown}
 s - a scroll of immolation {unknown}
 u - 2 scrolls of identify {unknown}
 v - a scroll of amnesia {unknown}
Potions
 f - 3 potions of heal wounds {unknown}
 g - 2 potions of might {unknown}
 i - a potion of lignification {unknown}
 k - 5 potions of cancellation {unknown}
 m - 3 potions of curing {unknown}
 o - 3 potions of agility {unknown}
 p - a potion of degeneration {unknown}
 x - a potion of berserk rage {unknown}
Books
 y - a book of Cantrips

   Spells                             Type                      Level
   a - Corona                         Hexes                        1
   b - Animate Skeleton               Necromancy                   1
   c - Summon Small Mammal            Summoning                    1
   d - Apportation                    Translocation                1
   Trog disapproves of the use of such an item.
 D - a book of the Warp

   Spells                             Type                      Level
   a - Recall                         Summoning/Translocation      3
   b - Control Teleport               Charms/Translocation         4
   c - Force Lance                    Conjuration/Translocation    4
   d - Phase Shift                    Translocation                5
   e - Warp Weapon                    Charms/Translocation         5
   f - Summon Forest                  Summoning/Translocation      5
   g - Gell's Gravitas                Hexes/Translocation          6
   Trog disapproves of the use of such an item.
Comestibles
 c - 2 meat rations
 d - 3 bread rations
 j - 2 slices of pizza
 C - 2 chunks of flesh


   Skills:
 - Level 4.1 Fighting
 - Level 8.1 Maces & Flails
 + Level 5.8 Throwing
 - Level 1.5 Armour
 - Level 1.7 Dodging


You had 6 spell levels left.
You didn't know any spells.

Dungeon Overview and Level Annotations

Branches:
Dungeon (3/15)

Altars:
Fedhas
Gozag
Makhleb
Nemelex Xobeh
Ru
Sif Muna
Trog


Innate Abilities, Weirdness & Mutations

You are too large for most types of armour.
You have tough skin (AC +1).


Message History

The worker ant barely misses you.
Use which ability? (? or * to list)
Your skin crawls.
You feel resistant to hostile enchantments.
You feel slightly more hungry.
You feel sick. The gnoll barely misses you.
The worker ant splashes around in the water. x2
The gnoll hits you with a flail of protection.
* * * LOW HITPOINT WARNING * * *
You hit the worker ant but do no damage.
The worker ant is severely wounded.
The worker ant bites you.
* * * LOW HITPOINT WARNING * * *
You are more poisoned.
The worker ant poisons you! The gnoll completely misses you.
You hit the worker ant.
You kill the worker ant!
Trog accepts your kill.
You feel sick.
The gnoll hits you with a flail of protection.
You die...

.≈≈≈.#.#.......)...#....#....
.≈≈≈.#.'....g.....g'....'....
#≈≈###'#.........g.#....#.....
.≈≈#...#############''''###########
#≈≈#...#...........................
#≈≈#####≈≈≈≈≈≈≈≈≈≈≈≈....≈≈≈≈≈≈≈≈≈≈≈
#≈≈≈≈≈≈≈≈≈≈≈≈≈≈≈≈≈≈≈....≈≈≈≈≈≈≈≈≈≈≈
.≈≈≈≈≈≈≈≈≈≈≈≈≈≈≈†≈g≈....≈≈≈≈≈≈≈≈≈≈≈
#.P....).........@)...)..).........
#.#.####.##..#.######.(########....
#<#.# #.##............# #.##. ....#
#.##..........gg# #.##.
########...........##..### #.###
......)).####.####.##..g.# #.#
.#<#.###.##.....##.###.#.######.##
.........#.......#......a<..))...#
.#.#.###.#......)#..####.######..##


You could see a gnoll.

Vanquished Creatures
  Sigmund (D:2)
  A gnoll sergeant (D:3)
  A hound (D:3)
  Crazy Yiuf (D:2)
  2 gnoll shamans
  A worker ant (D:3)
  An adder (D:2)
  24 gnolls
  2 worms
  3 giant geckos (D:1)
  An ooze (D:3)
  An orc (D:3)
  11 bats
  A giant cockroach (D:2)
  3 hobgoblins
  4 jackals (D:3)
  2 quokkas
  4 ball pythons
  4 giant newts
  7 goblins
  5 kobolds
  16 rats
96 creatures vanquished.

Notes
Turn   | Place    | Note
--------------------------------------------------------------
     0 | D:1      | abixa, the Ogre Berserker, began the quest for the Orb.
     0 | D:1      | Reached XP level 1. HP: 24/24 MP: 1/1
   187 | D:1      | Reached XP level 2. HP: 30/32 MP: 2/2
   394 | D:1      | Reached skill level 5 in Maces & Flails
   483 | D:1      | Acquired Trog's second power
   594 | D:1      | Reached XP level 3. HP: 39/39 MP: 3/3
  1028 | D:2      | Reached skill level 6 in Maces & Flails
  1133 | D:2      | Noticed Crazy Yiuf
  1141 | D:2      | Killed Crazy Yiuf
  1141 | D:2      | Reached XP level 4. HP: 48/48 MP: 4/4
  1312 | D:2      | Found a sparkling altar of Nemelex Xobeh.
  1317 | D:2      | Found a blossoming altar of Fedhas.
  1318 | D:2      | Found an opulent altar of Gozag.
  1412 | D:2      | Noticed Sigmund
  1421 | D:2      | Killed Sigmund
  1421 | D:2      | Reached skill level 7 in Maces & Flails
  1421 | D:2      | Reached XP level 5. HP: 54/54 MP: 5/5
  1539 | D:3      | Reached skill level 8 in Maces & Flails
  1659 | D:3      | Found a sacrificial altar of Ru.
  1863 | D:3      | Reached skill level 1 in Throwing
  2005 | D:3      | Found a bloodstained altar of Trog.
  2161 | D:3      | Found a burning altar of Makhleb.
  2173 | D:3      | Reached XP level 6. HP: 58/62 MP: 6/6
  2295 | D:3      | Found a deep blue altar of Sif Muna.
  2612 | D:2      | HP: 3/62 [gnoll/club (10)]
  2910 | D:3      | Received a gift from Trog
  2976 | D:3      | Reached XP level 7. HP: 70/70 MP: 7/7
  2980 | D:3      | Acquired Trog's third power
  3139 | D:2      | Reached skill level 5 in Throwing
  3339 | D:3      | HP: 3/70 [poisoned by a worker ant]
  3339 | D:3      | Slain by a gnoll

Action                   |  1- 3 |  4- 6 |  7- 9 || total
-------------------------+-------+-------+-------++-------
Melee: Mace              |    91 |   202 |    47 ||   340
Throw: Tomahawk          |       |    10 |     5 ||    15
       Stone             |       |     3 |       ||     3
Invok: Berserk           |     2 |     3 |     2 ||     7
       Trog's Hand       |       |       |     2 ||     2
  Eat: Chunk             |     1 |    10 |     3 ||    14
